 Dungeon Crawl Stone Soup version 0.31-a0-1589-g8f5e8aebd6 (webtiles) character file.

Game seed: 11745359080755707005

13717 Atlas the Grappler (level 11, -38/98 HPs)
             Began as a Troll Shapeshifter on Jan 6, 2024.
             Was an Initiate of Gozag.
             Annihilated by a very large slime creature (57 damage)
             ... on level 12 of the Dungeon.
             The game lasted 00:10:24 (9908 turns).

Atlas the Grappler (Troll Shapeshifter)             Turns: 9908, Time: 00:10:25

Health: -38/98     AC:  8    Str: 28    XL:     11   Next: 79%
Magic:  10/10      EV: 16    Int:  6    God:    Gozag
Gold:   823        SH:  5    Dex:  9    Spells: 10/10 levels left

rFire   + .          .
                       - Unarmed
rCold   . . .        (no shield)
rNeg    . . .        O - +0 acid dragon scales
rPois   .            (helmet currently unavailable)
rElec   .            (cloak currently unavailable)
rCorr   +            (gloves unavailable)
SInv    .            (boots unavailable)
Will    .....        I - amulet of reflection
Stlth   +            i - ring of protection from fire
HPRegen 1.16/turn    s - +5 ring of evasion
MPRegen 0.12/turn

%: reflection
@: beast-form
A: beast (slay +4), large, unfitting armour, claws 3, regeneration 1, shaggy fur
1, tough skin 1
a: Begin Untransformation, Renounce Religion, Potion Petition, Call Merchant,
Bribe Branch


You were on level 12 of the Dungeon.
You worshipped Gozag.
Gozag was pleased with you.
You were a hulking beast.
You visited 2 branches of the dungeon, and saw 13 of its levels.

You collected 1806 gold pieces.
You spent 117 gold pieces at shops.
You paid 866 gold pieces to Gozag.

Inventory:

Missiles
 J - 3 curare-tipped darts
 Q - a throwing net
Armour
 N - a +1 robe of willpower
 O - +0 acid dragon scales (worn)
Jewellery
 i - a ring of protection from fire (left claw)
 s - a +5 ring of evasion (right claw)
 u - a ring of protection from cold
 I - an amulet of reflection (around neck)
Talismans
 c - a beast talisman
 d - a flux talisman
 p - a serpent talisman
Wands
 a - a wand of iceblast (9)
 n - a wand of flame (26)
 v - a wand of charming (22)
 G - a wand of mindburst (21)
 M - a wand of polymorph (10)
Scrolls
 e - 2 scrolls of fear {unknown}
 f - 3 scrolls of amnesia {unknown}
 g - 2 scrolls of vulnerability {unknown}
 h - a scroll of blinking {unknown}
 j - 5 scrolls of identify {unknown}
 k - 2 scrolls of enchant weapon {unknown}
 x - 2 scrolls of silence {unknown}
 y - a scroll of acquirement {unknown}
 z - 4 scrolls of teleportation {unknown}
 A - 2 scrolls of fog {unknown}
 B - a scroll of immolation {unknown}
 C - 5 scrolls of noise {unknown}
 F - a scroll of poison {unknown}
 H - a scroll of enchant armour {unknown}
 L - a scroll of summoning {unknown}
 P - a scroll of torment {unknown}
Potions
 b - 3 potions of lignification
 l - a potion of cancellation {unknown}
 m - a potion of invisibility {unknown}
 o - 3 potions of curing
 q - a potion of enlightenment {unknown}
 r - 5 potions of heal wounds
 t - 3 potions of brilliance {unknown}
 w - a potion of berserk rage {unknown}
 D - a potion of haste {unknown}
 E - a potion of degeneration {unknown}
 K - 4 potions of might


   Skills:
 + Level 3.8 Fighting
 + Level 3.2 Armour
 + Level 6.3 Dodging
 - Level 1.0 Stealth
 + Level 3.2 Shields
 + Level 13.1 Unarmed Combat
 * Level 9.5 Shapeshifting


You had 10 spell levels left.
You didn't know any spells.
Your spell library contained the following spells:

 Spells                   Type           Power      Damage    Failure   Level
 Mercury Vapours          Alch/Air       0%         N/A       65%         2
 Mephitic Cloud           Conj/Alch/Air  0%         N/A       87%         3
 Tukima's Dance           Hex            0%         N/A       87%         3
 Dimensional Bullseye     Hex/Tloc       0%         N/A       99%         4
 Iskenderun's Mystic Bla  Conj/Tloc      0%         2d3       99%         4
 Freezing Cloud           Conj/Ice/Air   0%         6-21      100%        5


Dungeon Overview and Level Annotations

Branches:
Dungeon (12/15)            Temple (1/1) D:6            Lair (0/5) D:10
    Orc (0/2) D:10

Altars:
Ashenzari
Cheibriados
Dithmenos
Elyvilon
Fedhas
Gozag
Hepliaklqana
Kikubaaqudgha
Makhleb
Nemelex Xobeh
Okawaru
Qazlal
Ru
Sif Muna
Trog
Uskayaw
Vehumet
Wu Jian
Xom
Yredelemnul
Zin
The Shining One

Shops:
D:1 [=(!:   D:9 :   D:12 !

Annotations:
D:8 3 runed translucent doors, Tollund's ghost, novice TeAE
D:10 3 runed translucent doors, Phlounder's ghost, journeyman DsNe


Innate Abilities, Weirdness & Mutations

You are a hulking beast.
Your limbs bulge with bestial killing power. (Slay +4)
You are too large for most types of armour.
You have claws for hands.
Your natural rate of healing is unusually fast.
You are covered in fur. (AC +1)
You have tough skin. (AC +1)


Message History

No target in view!
There is a stone staircase leading down here.
You see here 5 stones.
Found 4 stones.
You see here 4 stones. 2 slime creatures come into view.
The slime creature quivers.
The slime creature quivers.
Two slime creatures merge to form a large slime creature.
The large slime creature hits you.
You mangle the large slime creature!!
The large slime creature is moderately wounded.
You claw the large slime creature!
The large slime creature is moderately wounded.
A slime creature comes into view.
You block the large slime creature's attack.
You claw the large slime creature!
The large slime creature is heavily wounded.
The large slime creature hits you!!
You claw the large slime creature!
The large slime creature is severely wounded.
Two slime creatures merge to form a very large slime creature.
You mangle the very large slime creature!!
The very large slime creature is heavily wounded.
You scratch the very large slime creature.
The very large slime creature is heavily wounded.
You scratch the very large slime creature.
The very large slime creature is heavily wounded.
The very large slime creature hits you!!!
You are too injured to fight recklessly!
The very large slime creature attacks as it pursues you!
The very large slime creature closely misses you.
The very large slime creature attacks as it pursues you!
The very large slime creature hits you!!
* * * LOW HITPOINT WARNING * * *
The very large slime creature attacks as it pursues you!
The very large slime creature hits you!!!
Ouch! That really hurt!
You die...
Your body crumbles into a pile of gold.

###.###.......###### #.#.#
#.##........# #.#.#
#...........# #.#.#
####...#############.#..
##.## #...........###
#######.####.###########
#.[...........# ###
#.#####.####..########...#
#.# #..#........hJ...(...#
#.# #.#.####..########...#
#.# #.#.# #..# .##
..###...# #..# #
#......#####..#########
...................(..#
#####..######.#######.# #
#..# #.# #.# # #..## #.#
#.#


You could see a very large slime creature.

Vanquished Creatures
  2 two-headed ogres
  A deep elf archer (D:12)
  An arcanist (D:9)
  A manticore (D:12)
  A gargoyle (D:12)
  Maggie (D:10)
  5 kobold demonologists
  2 komodo dragons
  6 trolls
  A hornet (D:8)
  A vampire (D:12)
  2 wraiths
  A warg (D:10)
  11 vampire mosquitoes
  Menkaure (D:5)
  Edmund (D:5)
  2 water moccasins
  A black bear (D:4)
  4 orc warriors
  2 ice beasts
  A sky beast (D:8)
  6 centaurs
  An ogre (D:7)
  A wolf (D:10)
  3 phantoms
  9 kobold brigands
  Blork the orc (D:5)
  3 scorpions
  A gnoll sergeant (D:9)
  2 bullfrogs (D:8)
  18 wights
  5 howler monkeys
  2 jellies (D:4)
  3 hounds
  5 orc priests
  2 gnoll boudas (D:6)
  Jessica (D:3)
  4 iguanas
  9 orc wizards
  Terence (D:3)
  16 gnolls
  6 adders
  A shadow imp (D:5)
  4 white imps
  2 ufetubi (D:7)
  2 dart slugs
  4 ribbon worms
  48 orcs
  5 bats
  5 endoplasms
  3 giant cockroaches
  5 goblins
  4 hobgoblins
  2 jackals (D:4)
  2 quokkas
  6 ball pythons
  5 frilled lizards
  34 kobolds
  2 rats
281 creatures vanquished.

Notes
Turn   | Place    | Note
-------+----------+-------------------------------------------
     0 | D:1      | Atlas the Troll Shapeshifter began the quest for the Orb.
     0 | D:1      | Reached XP level 1. HP: 18/18 MP: 0/0
   109 | D:1      | Found Ipei's Distillery.
   237 | D:1      | Found Tass's Book Shop.
   294 | D:1      | Reached XP level 2. HP: 26/26 MP: 1/1
   329 | D:1      | Found Qaklajesh's Antique Armour Emporium.
   434 | D:1      | Found Xitutid's Weapon Shoppe.
   441 | D:1      | Found Sorymor's Jewellery Boutique.
   761 | D:2      | Reached XP level 3. HP: 32/32 MP: 2/2
   972 | D:2      | Reached XP level 4. HP: 39/40 MP: 3/3
  1179 | D:3      | Noticed Jessica
  1188 | D:3      | Killed Jessica
  1189 | D:3      | Reached skill level 4 in Unarmed Combat
  1314 | D:3      | Reached XP level 5. HP: 44/46 MP: 4/4
  1438 | D:3      | Noticed Terence
  1446 | D:3      | Killed Terence
  1900 | D:4      | Noticed a black bear
  1912 | D:4      | Killed a black bear
  1913 | D:4      | Reached skill level 1 in Fighting
  1913 | D:4      | Reached skill level 5 in Shapeshifting
  1913 | D:4      | Reached XP level 6. HP: 43/55 MP: 5/5
  2017 | D:4      | Reached skill level 5 in Unarmed Combat
  2453 | D:4      | Reached XP level 7. HP: 60/62 MP: 6/6
  2476 | D:5      | Entered Level 5 of the Dungeon
  2508 | D:5      | Noticed Menkaure
  2519 | D:5      | Killed Menkaure
  2520 | D:5      | Reached skill level 1 in Stealth
  2788 | D:5      | Found a basalt altar of Yredelemnul.
  2793 | D:5      | Noticed Blork the orc
  2801 | D:5      | Killed Blork the orc
  2802 | D:5      | Reached skill level 6 in Unarmed Combat
  2882 | D:5      | Noticed Edmund
  2902 | D:5      | Killed Edmund
  3358 | D:6      | Reached XP level 8. HP: 69/70 MP: 7/7
  3413 | D:6      | Reached skill level 7 in Unarmed Combat
  3741 | D:6      | Found a staircase to the Ecumenical Temple.
  3769 | Temple   | Entered the Ecumenical Temple
  3783 | Temple   | Became a worshipper of Gozag Ym Sagoz the Greedy
  4051 | D:7      | Reached skill level 8 in Unarmed Combat
  4430 | D:7      | Reached XP level 9. HP: 79/79 MP: 8/8
  4933 | D:8      | Found an ornate altar of the Wu Jian Council.
  4933 | D:8      | Found a snail-covered altar of Cheibriados.
  4994 | D:8      | Reached skill level 9 in Unarmed Combat
  5031 | D:8      | Found a broken altar of Ashenzari.
  5130 | D:8      | Reached skill level 1 in Shields
  5138 | D:8      | Found a runed translucent gate.
  5233 | D:8      | Found a runed translucent gate.
  5233 | D:8      | Found a runed translucent gate.
  5237 | D:8      | Identified the +7 plate armour of Lifelessness {Dex+4}
  5239 | D:8      | Noticed Tollund's ghost (novice TeAE)
  5320 | D:8      | Paralysed by a hornet for 3 turns
  5325 | D:8      | Reached skill level 10 in Unarmed Combat
  6120 | D:9      | Reached XP level 10. HP: 71/86 MP: 9/9
  6136 | D:9      | Noticed an arcanist
  6222 | D:9      | Killed an arcanist
  6318 | D:9      | Noticed an orange demon
  6321 | D:9      | Noticed a sixfirhy
  6324 | D:9      | Noticed a soul eater
  6325 | D:9      | Noticed a smoke demon
  6330 | D:9      | Reached skill level 11 in Unarmed Combat
  6357 | D:9      | Reached skill level 5 in Dodging
  6611 | D:9      | Found Leof Boe's Book Shoppe.
  6880 | D:9      | Found a blossoming altar of Fedhas.
  6942 | D:9      | Found a stormy altar of Qazlal.
  7112 | D:9      | Found a glowing silver altar of Zin.
  7552 | D:10     | Entered Level 10 of the Dungeon
  7646 | D:10     | Found a staircase to the Orcish Mines.
  7651 | D:10     | Found a runed translucent gate.
  7656 | D:10     | Found a runed translucent gate.
  7657 | D:10     | Found a runed translucent gate.
  7661 | D:10     | Noticed a 12-headed hydra
  7662 | D:10     | Noticed Phlounder's ghost (journeyman DsNe)
  7703 | D:10     | Found a staircase to the Lair.
  7711 | D:10     | Reached skill level 12 in Unarmed Combat
  7897 | D:10     | Noticed Maggie
  7906 | D:10     | Killed Maggie
  7907 | D:10     | Reached XP level 11. HP: 74/97 MP: 10/10
  8268 | D:10     | Found a sparkling altar of Nemelex Xobeh.
  8269 | D:10     | Found an iron altar of Okawaru.
  8790 | D:11     | Reached skill level 1 in Armour
  9040 | D:11     | Noticed a two-headed ogre
  9046 | D:11     | Killed a two-headed ogre
  9278 | D:12     | Noticed a deep elf archer
  9278 | D:12     | Noticed a two-headed ogre
  9285 | D:12     | Killed a two-headed ogre
  9327 | D:12     | Killed a deep elf archer
  9580 | D:12     | Reached skill level 13 in Unarmed Combat
  9637 | D:12     | Bought a potion of might for 52 gold pieces
  9637 | D:12     | Bought a potion of heal wounds for 65 gold pieces
  9908 | D:12     | Annihilated by a very large slime creature

Illustrated notes

Levels and vault maps discovered:
D:1:      kennysheep_arrival_forest, layout_loops_ring, serial_shops,
          nicolae_shop_tiny_statue_garden, nicolae_shop_rolling_square,
          nicolae_shop_hallway_plus, shop, nicolae_shop_just_a_little_nook
D:2:      layout_rooms, minivault_19, minmay_misc_feat_roman
D:3:      layout_loops_ring, uniq_terence, uniq_jessica
D:4:      layout_basic, kennysheep_generic_room_8
D:5:      layout_basic, mainiacjoe_overflow_paths, kennysheep_minor_cross,
          uniq_edmund, uniq_blork_the_orc, uniq_menkaure
D:6:      layout_basic, minmay_temple_entry_enclosed_plants
D:7:      layout_cave_pods, serial_glass, glass_columns_a, glass_columns_b,
          glass_columns_a, glass_columns_a, glass_columns_a, glass_columns_b,
          feat_on_display, feat_on_display, feat_on_display, item_on_display_a,
          patterned_corridor
D:8:      layout_basic, mainiacjoe_overflow_catwalk,
          amethyst_overflow_temple_binary, biasface_ghost_orc_armoury
D:9:      cheibrodos_wizards_tower, layout_layer_cave,
          grunt_temple_overflow_forces_of_nature, zin_treasury, serial_shops,
          nicolae_diamond_shop
D:10:     layout_loops_ring, gammafunk_temple_overflow_statue,
          david_lair_shrubbed, minmay_orc_entry_guard_dogs,
          gammafunk_ghost_hydra_chop, serial_glass, glass_columns_c,
          glass_columns_b, glass_columns_a, glass_columns_a, glass_columns_a,
          glass_columns_a, glass_columns_a, glass_columns_a,
          chequers_hall_statues_corner_a, nicolae_two_hexagons, uniq_maggie
D:11:     layout_small_grid
D:12:     layout_loops_ring, minivault_20
Temple:   cyrus_circular_temple

Skill      XL: |  1  2  3  4  5  6  7  8  9 10 11 |
---------------+----------------------------------+-----
Shapeshifting  | 4 5 6 7 8 9 |  9.5
Unarmed Combat | 4 5 6 8 10 12 13 | 13.1
Dodging        | 2 3 4 5 6 |  6.3
Fighting       | 1 2 3 |  3.8
Stealth        | 1 |  1.0
Shields        | 1 2 3 |  3.2
Armour         | 3 |  3.2

Action                     |  1- 3 |  4- 6 |  7- 9 | 10-12 || total
---------------------------+-------+-------+-------+-------++-------
  Melee: Unarmed           |    53 |   100 |   282 |   307 ||   742
         Punch             |     1 |     1 |    11 |    18 ||    31
 Invoke: Call Merchant     |       |       |       |     1 ||     1
    Use: Potion            |       |     2 |       |     3 ||     5
   Stab: Sleeping          |     1 |     1 |     1 |       ||     3
         Distracted        |       |       |     2 |     1 ||     3
 Armour: Animal skin       |    33 |    56 |   146 |    24 ||   259
         Skin              |       |     1 |       |     6 ||     7
         Robe              |       |       |       |    37 ||    37
         Acid dragon scale |       |       |       |   109 ||   109
  Dodge: Dodged            |    17 |    39 |   161 |   190 ||   407
  Block: Other             |       |       |    32 |    72 ||   104
         Reflection        |       |       |     1 |     3 ||     4

Table legend: (Time is in decaauts)
 A = Elapsed time spent in this place.
 B = Non-inter-level travel time spent in this place.
 C = Inter-level travel time spent in this place.
 D = Time resting spent in this place.
 E = Time spent auto-exploring this place.
 F = Levels seen in this place.
 G = Mean time per level.
                   A        B        C        D        E       F      G
               +--------+--------+--------+--------+--------+-----+--------+
         Total |   9787 |   9496 |    291 |    133 |   7751 |  13 |  752.8 |
       Dungeon |   9764 |   9494 |    270 |    133 |   7751 |  12 |  813.7 |
        Temple |     22 |      2 |     20 |      0 |      0 |   1 |   22.0 |
               +--------+--------+--------+--------+--------+-----+--------+

Top non-repeatable levels by time:
     D:9: 1417 daAuts
     D:8: 1190 daAuts
     D:7: 904 daAuts
    D:10: 894 daAuts
     D:5: 831 daAuts
    D:11: 721 daAuts
     D:4: 704 daAuts
    D:12: 691 daAuts
     D:1: 658 daAuts
     D:6: 649 daAuts
     D:3: 627 daAuts
     D:2: 472 daAuts
  Temple: 22 daAuts
